 Dungeon Crawl Stone Soup version 0.19.0-16-g73b5abf (webtiles) character file.

102 kroki the Insei (level 4, -1/28 HPs)
             Began as an Octopode Transmuter on Nov 10, 2016.
             Slain by Grinder (6 damage)
             ... on level 3 of the Dungeon.
             The game lasted 00:04:07 (3118 turns).

kroki the Insei (Octopode Transmuter)               Turns: 3118, Time: 00:04:08

Health: -1/28      AC:  2    Str:  9    XL:     4   Next: 77%
Magic:  5/7        EV: 13    Int: 16    God:
Gold:   83         SH:  0    Dex: 12    Spells: 3 memorised, 1 level left

rFire  . . .     SeeInvis .       - Unarmed
rCold  . . .     Gourm    .     (no shield)
rNeg   . . .     Faith    .     (helmet restricted)
rPois  .         Spirit   .     (no amulet)
rElec  .         Reflect  .     (no ring)
rCorr  .         Harm     .     (no ring)
MR     .....                    (no ring)
Stlth  +++.......               (no ring)
                                (no ring)
                                (no ring)
                                (no ring)
                                (no ring)

@: no status effects
A: almost no armour, stealthy swim, amphibious, 8 rings, constrict 8, tentacle
spike 2, rugged brown scales 1, camouflage 1, deterioration 1, screaming 1,
gelatinous body 1, no device heal 1
a: no special abilities


You were on level 3 of the Dungeon.
You were not hungry.

You visited 1 branch of the dungeon, and saw 3 of its levels.

You collected 83 gold pieces.

Inventory:

Missiles
 a - 12 arrows
Scrolls
 k - a scroll of identify
 n - a scroll of remove curse
Potions
 d - a potion of flight {unknown}
 e - 2 potions of curing
 f - a potion of resistance {unknown}
 g - a potion of degeneration {!q}
 i - 2 potions of might {unknown}
 j - a potion of cancellation {unknown}
Books
 b - a book of Changes
Comestibles
 c - 2 bread rations {@e1}
 o - 5 chunks of flesh {@w0}


   Skills:
 - Level 1.0 Fighting
 - Level 2.0 Dodging
 + Level 2.0 Stealth
 + Level 4.7 Unarmed Combat
 - Level 2.0 Spellcasting
 - Level 2.0 Transmutations
 * Level 1.6 Poison Magic


You had one spell level left.
You knew the following spells:

 Your Spells              Type           Power        Failure   Level  Hunger
a - Beastly Appendage     Tmut           #.....       10%         1    #......
c - Spider Form           Tmut/Pois      #.........   34%         3    ###....
s - Sticks to Snakes      Tmut           #.......     14%         2    ###....


Dungeon Overview and Level Annotations

Branches:
Dungeon (3/15)

Altars:
Ashenzari
Dithmenos
Fedhas
Hepliaklqana
Qazlal
The Shining One

Annotations:
D:3 Grinder


Innate Abilities, Weirdness & Mutations

You cannot wear most types of armour.
You are very stealthy in the water. (Stealth+)
You are amphibious.
You can wear up to eight rings at the same time.
You can use your tentacles to constrict eight enemies at once.
Your skin changes colour to match your surroundings (Stealth+).
Your rubbery body absorbs attacks. (AC +1, EV +1)
One of your tentacles bears a nasty spike.
You are partially covered in rugged brown scales. (AC +1, +3% HP)
Your body sometimes deteriorates upon taking damage.
You occasionally shout uncontrollably at your foes.
Potions and wands are less effective at restoring your health.


Message History

a dagger; a bat skeleton; a goblin skeleton You butcher the giant cockroach corpse.
o - 5 chunks of flesh {@w0} (gained 1)
Found a glowing golden altar of the Shining One.
A frilled lizard comes into view.
The frilled lizard hisses angrily.
A frilled lizard is nearby!
A frilled lizard is nearby!
A frilled lizard is nearby!
A goblin comes into view.
There are monsters nearby!
There are monsters nearby!
There are monsters nearby!
The goblin shouts!
You tentacle-slap the frilled lizard.
You kill the frilled lizard!
Your Stealth skill increases to level 2!
A goblin is nearby!
Some of the chunks of flesh in your inventory have rotted away.
A goblin is nearby!
A goblin is nearby!
A goblin is nearby!
You tentacle-slap the goblin.
You kill the goblin!
You butcher the frilled lizard corpse.
o - 5 chunks of flesh {@w0} (gained 1)
An adder comes into view.
An adder is nearby!
Found a stormy altar of Qazlal.
Found a blossoming altar of Fedhas.
k - a scroll of identify Grinder comes into view.
Grinder shouts!
Okay, then.
Here: Grinder The floor.
Okay, then.
Okay, then.
Unknown command.
Okay, then.
Okay, then.
Okay, then.
Unknown command.
Grinder drinks a potion.
Grinder suddenly seems more agile.
The adder hisses angrily.
There is an open door here.
Grinder gestures at you.
You barely resist.
You close the door.
Something unseen opens the door.
Grinder gestures at you.
You suddenly lose the ability to move!
You can move again.
Unknown command.
You see here a robe.
You open the door. The adder bites you.
You take 3 damage, and have 25/28 hp.
Which spell slot to assign to automagic? (Enter to disable, Esc to cancel) Invalid spell slot.
You turn into a venomous arachnid creature.
Your transformation is almost over.
The adder closely misses you.
Grinder says, "What is the universe for?"
You now have 4/7 mp.
You barely miss the adder. The adder bites you.
Grinder blinks!
The adder closely misses you.
You take 3 damage, and have 22/28 hp.
You hit the adder.
The adder is poisoned.
The adder misses you.
You closely miss the adder.
Grinder blinks!
The adder closely misses you.
You hit the adder.
You kill the adder!
There is an open door here.
Grinder blinks!
Grinder gestures at you. You resist with significant effort. Grinder hits you!
You writhe in agony.
You take 9 damage, and have 13/28 hp.
MASSIVE DAMAGE!!
You miss Grinder. Grinder gestures at you. You resist with significant effort.
You hit Grinder but do no damage.
Grinder is poisoned.
Your transformation has ended.
Grinder blinks!
It was a potion of mutation.
You feel extremely strange.
You feel the urge to shout.
Your system partially rejects artificial healing.
Rugged brown scales grow over part of your body.
It was a potion of curing.
Your system partially rejects the healing.
You feel better. Grinder hits you.
Really quaff
h - a potion of mutation {!q}?
You feel extremely strange.
One of your lower tentacles grows a sharp spike.
Your tentacle spike grows bigger.
You feel yourself wasting away. Grinder hits you!
* * * LOW HITPOINT WARNING * * *
You writhe in agony.
You die...

#.#.........###.....###
#.#.#####..............
#.#.# ###.###.....## .
S.# #[# #.....#
....#######'###.....#
.... #..............#
#..........#+#.#
#.._....5..# .#
#(......@..# .
+..........# #
#..........#
....(......# ########
##########.# #.......
#.# #.######
#)#######.#....#
#.........#.....
##############.#


You could see Grinder.

Vanquished Creatures
  2 adders
  2 oozes
  A worm (D:3)
  A ball python (D:2)
  10 bats
  4 giant cockroaches
  7 goblins
  5 hobgoblins
  12 jackals
  4 frilled lizards
  10 kobolds
  10 rats
  A plant (D:2)
69 creatures vanquished.

Notes
Turn   | Place    | Note
-------+----------+-------------------------------------------
     0 | D:1      | kroki the Octopode Transmuter began the quest for the Orb.
     0 | D:1      | Reached XP level 1. HP: 13/13 MP: 3/3
    11 | D:1      | Noticed a centaur
    47 | D:1      | HP: 3/13 [jackal (2)]
   299 | D:1      | Reached XP level 2. HP: 18/18 MP: 5/5
   901 | D:1      | Reached skill level 4 in Unarmed Combat
   906 | D:1      | Reached XP level 3. HP: 21/23 MP: 6/6
  1260 | D:1      | Reached skill level 1 in Stealth
  1740 | D:2      | Reached XP level 4. HP: 26/28 MP: 7/7
  1952 | D:2      | Learned a level 3 spell: Spider Form
  1955 | D:2      | Learned a level 2 spell: Sticks to Snakes
  2235 | D:2      | Found a hazy altar of Hepliaklqana.
  2237 | D:2      | Found a shattered altar of Ashenzari.
  2386 | D:2      | Reached skill level 1 in Poison Magic
  2505 | D:2      | Found a shadowy altar of Dithmenos.
  3043 | D:3      | Found a glowing golden altar of the Shining One.
  3058 | D:3      | Reached skill level 2 in Stealth
  3078 | D:3      | Found a stormy altar of Qazlal.
  3081 | D:3      | Found a blossoming altar of Fedhas.
  3088 | D:3      | Noticed Grinder
  3098 | D:3      | Paralysed by Grinder for 2 turns
  3116 | D:3      | Gained mutation: You occasionally shout uncontrollably at your foes. [potion of mutation]
  3116 | D:3      | Gained mutation: Potions and wands are less effective at restoring your health. [potion of mutation]
  3116 | D:3      | Gained mutation: You are partially covered in rugged brown scales. (AC +1, +3% HP) [potion of mutation]
  3118 | D:3      | Gained mutation: One of your tentacles bears a spike. [potion of mutation]
  3118 | D:3      | Gained mutation: One of your tentacles bears a nasty spike. [potion of mutation]
  3118 | D:3      | Gained mutation: Your body sometimes deteriorates upon taking damage. [potion of mutation]
  3118 | D:3      | HP: 5/28 [Grinder (10)]
  3118 | D:3      | Slain by Grinder

Skill      XL: |  1  2  3  4 |
---------------+-------------+-----
Unarmed Combat | 4 |  4.7
Stealth        | 1 2 |  2.0
Poison Magic   | 1 |  1.6
Fighting       | |  1.0
Dodging        | |  2.0
Spellcasting   | |  2.0
Transmutations | |  2.0

Action                   |  1- 3 |  4- 6 || total
-------------------------+-------+-------++-------
Melee: Unarmed           |    87 |    76 ||   163
       Constrict         |    19 |    21 ||    40
       Tentacles         |    14 |     7 ||    21
       Kick              |     2 |       ||     2
       Punch             |     1 |     3 ||     4
 Cast: Beastly Appendage |     3 |       ||     3
       Spider Form       |       |     2 ||     2
  Use: Scroll            |     1 |     4 ||     5
       Potion            |       |     3 ||     3
 Stab: Sleeping          |     1 |       ||     1
  Eat: Chunk             |     3 |     4 ||     7
Armor: Skin              |     3 |     4 ||     7
Dodge: Dodged            |    41 |    51 ||    92

Vault maps used:
D:1:      evilmike_arrival_come_back, st_stairs_4
D:2:      grunt_dithmenos_smoke, gammafunk_temple_overflow_statue, serial_bayou,
          serial_bayou_lagoon_b, serial_bayou_crossing, serial_bayou_pond_a,
          serial_bayou_ford_a
D:3:      grunt_temple_overflow_forces_of_nature,
          grunt_temple_overflow_order_and_chaos_1, overflow_temple_1_default,
          first_bread, uniq_grinder

Table legend:
 A = Turns spent in this place as a percentage of turns spent in the entire game.
 B = Non-inter-level travel turns spent in this place as a percentage of non-inter-level travel turns spent in the entire game.
 C = Inter-level travel turns spent in this place as a percentage of turns spent in this place.
 D = Turns resting spent in this place as a percentage of non-inter-level travel turns spent in this place.
 E = Turns spent auto-exploring this place as a percentage of non-inter-level travel turns spent in this place.
 F = Non-inter-level travel turns spent in this place divided by the number of levels of this place that you've seen.
                   A       B       C       D       E      F
               +-------+-------+-------+-------+-------+----------------------
         Total | 100.0 | 100.0 |   0.2 |   0.0 |   8.9 | 417.7
       Dungeon | 100.0 | 100.0 |   0.2 |   0.0 |   8.9 | 417.7
               +-------+-------+-------+-------+-------+----------------------

Table legend:
 A = Kills in this place as a percentage of kills in entire the game.
 B = Kills by you in this place as a percentage of kills by you in the entire game.
 C = Kills by friends in this place as a percentage of kills by friends in the entire game.
 D = Other kills in this place as a percentage of other kills in the entire game.
 E = Experience gained in this place as a percentage of experience gained in the entire game.
 F = Experience gained in this place divided by the number of levels of this place that you have seen.
                   A       B       C       D       E      F
               +-------+-------+-------+-------+-------+----------------------
         Total | 100.0 | 100.0 |  -nan |  -nan | 100.0 |  48.7
       Dungeon | 100.0 | 100.0 |  -nan |  -nan | 100.0 |  48.7
               +-------+-------+-------+-------+-------+----------------------
